 Dungeon Crawl Stone Soup version 0.28.0 (webtiles) character file.

Game seed: 4639237937936485648

283813 GordonOverkill the Devastator (level 19, -13/149 HPs)
             Began as a Mummy Cinder Acolyte on Feb 11, 2022.
             Was an Initiate of Gozag.
             Shot with a bolt by a yaktaur (16 damage)
             ... led by a vault warden
             ... on level 3 of the Vaults.
             The game lasted 02:32:48 (83260 turns).

GordonOverkill the Devastator (MuCA)               Turns: 83260, Time: 02:32:48

Health: -13/149    AC:  6    Str: 19      XL:     19   Next: 77%
Magic:  38/38      EV: 18    Int: 16 (19) God:    Gozag
Gold:   4796       SH:  8    Dex: 16      Spells: 25/48 levels left

rFire   + + .      SeeInvis .   C - +8 spear of Acyumuiz {spect, +Blink Dex+8}
rCold   + + .      Faith    .   A - +2 buckler
rNeg    + + +      Spirit   .   I - +2 robe {rF+}
rPois   ∞          Reflect  .   c - +2 helmet
rElec   .          Harm     .   P - scarf {rC+ rF+}
rCorr   .          Rampage  .   (no gloves)
Will    +++..                   R - +2 pair of boots
Stlth   +.........              e - amulet of regeneration
HPRegen 1.14/turn               k - ring of protection from fire
MPRegen 0.26/turn               K - ring of willpower

@: corroded
A: cold resistance 1, negative energy resistance 3, torment resistance 2, heat
vulnerability 1, in touch with death 1, no potions
}: 2/15 runes: decaying, serpentine
a: Renounce Religion, Evoke Blink, Potion Petition, Call Merchant, Bribe Branch


You were on level 3 of the Vaults.
You worshipped Gozag.
Gozag was most pleased with you.
You visited 7 branches of the dungeon, and saw 35 of its levels.
You also visited: Sewer.

You collected 14385 gold pieces.
You spent 2202 gold pieces at shops.
You paid 7387 gold pieces to Gozag.

Inventory:

Hand Weapons
 C - the +8 spear of Acyumuiz (weapon) {spect, +Blink Dex+8}
   (You found it on level 8 of the Dungeon)

   When its wielder attacks, the weapon's spirit leaps out and strikes again.
   The spirit shares a part of any damage it takes with its wielder.
   Dex:       It affects your dexterity (+8).
   +Blink:    It lets you blink.
 M - a +3 demon trident of flaming
Missiles
 i - 23 boomerangs
 q - 53 poisoned darts
 B - 2 throwing nets
Armour
 c - a +2 helmet (worn)
 x - a +3 ring mail of cold resistance
 y - a +2 cloak
 A - a +2 buckler (worn)
 I - a +2 robe of fire resistance (worn)
 J - a scarf of repulsion
 P - a scarf of resistance (worn)
 R - a +2 pair of boots (worn)
 S - a +0 tower shield of fire resistance
Jewellery
 a - a +4 ring of evasion
 e - an amulet of regeneration (around neck)
 k - a ring of protection from fire (left hand)
 p - a +4 ring of protection
 r - a ring of magical power
 t - a ring of resist corrosion
 u - a ring of flight
 D - a ring of fire
 K - a ring of willpower (right hand)
 L - a +6 ring of intelligence
 O - a +4 ring of slaying
 U - a ring of willpower
Wands
 b - a wand of digging (7)
 d - a wand of charming (7)
 j - a wand of polymorph (10)
 v - a wand of paralysis (35)
 w - a wand of mindburst (25)
 G - a wand of flame (42)
 N - a wand of iceblast (8)
 Q - a wand of acid (2)
Scrolls
 g - 5 scrolls of fear (quivered)
 h - 23 scrolls of identify
 l - 8 scrolls of teleportation
 m - 7 scrolls of fog
 n - 3 scrolls of brand weapon
 o - 7 scrolls of immolation
 s - a scroll of enchant armour
 z - 6 scrolls of silence
 E - 5 scrolls of vulnerability
 F - 3 scrolls of enchant weapon
 H - 3 scrolls of amnesia
 T - 2 scrolls of magic mapping
Miscellaneous
 f - a lightning rod (4/4)


   Skills:
 - Level 13.0 Fighting
 - Level 2.0 Short Blades
 - Level 5.0 Polearms
 - Level 3.0 Armour
 - Level 12.0 Dodging
 - Level 8.0 Shields
 - Level 15.0 Spellcasting
 - Level 16.0 Conjurations
 - Level 13.0 Transmutations
 - Level 2.4 Fire Magic
 + Level 10.9 Ice Magic
 - Level 5.0 Earth Magic
 - Level 7.0 Evocations


You had 25 spell levels left.
You knew the following spells:

 Your Spells              Type           Power      Damage    Failure   Level
a - Irradiate             Conj/Tmut      27%        3d22      1%          5
b - Petrify               Tmut/Erth      40%        N/A       1%          4
c - Orb of Destruction    Conj           29%        9d9       8%          7
d - Ozocubu's Refrigerat  Ice            23%        4d9       54%         7

Your spell library contained the following spells:

 Spells                   Type           Power      Damage    Failure   Level
 Foxfire                  Conj/Fire      100%       2x1d9     1%          1
 Conjure Flame            Conj/Fire      41%        6-21      1%          3
 Ozocubu's Armour         Ice            47%        N/A       1%          3
 Flame Wave               Conj/Fire      41%        2d9       1%          4
 Ignite Poison            Fire/Tmut/Pois 28%        N/A       2%          3
 Mephitic Cloud           Conj/Pois/Air  29%        N/A       2%          3
 Scorch                   Fire           38%        2d6       3%          2
 Fireball                 Conj/Fire      20%        3d10      4%          5
 Freezing Cloud           Conj/Ice/Air   20%        6-21      4%          5
 Slow                     Hex            48%        N/A       7%          1
 Inner Flame              Hex/Fire       15%        N/A       12%         3
 Yara's Violent Unravell  Hex/Tmut       16%        3d8       13%         5
 Iron Shot                Conj/Erth      22%        9d5       14%         6
 Call Canine Familiar     Summ           12%        N/A       21%         3
 Confusing Touch          Hex            12%        N/A       21%         3
 Gell's Gravitas          Tloc           12%        N/A       21%         3
 Lesser Beckoning         Tloc           12%        N/A       21%         3
 Portal Projectile        Hex/Tloc       24%        N/A       21%         3
 Summon Guardian Golem    Hex/Summ       12%        N/A       21%         3
 Teleport Other           Tloc           12%        N/A       21%         3
 Vampiric Draining        Necr           18%        2d7       21%         3
 Animate Armour           Summ/Erth      40%        N/A       24%         4
 Leda's Liquefaction      Hex/Erth       10%        N/A       24%         4
 Lee's Rapid Deconstruct  Erth           14%        3d10*     24%         5
 Starburst                Conj/Fire      20%        6d7       24%         6
 Spellforged Servitor     Conj/Summ      18%        N/A       91%         7
 Dispersal                Tloc           6%         N/A       100%        6
 Ignition                 Fire           9%         3d5       100%        8
 Blade Hands              Tmut           Unusable   N/A       N/A         5
 Sublimation of Blood     Necr           Unusable   N/A       N/A         2
 Statue Form              Tmut/Erth      Unusable   N/A       N/A         6

Dungeon Overview and Level Annotations

Branches:
Dungeon (15/15)            Temple (1/1) D:4            Lair (6/6) D:10
  Swamp (4/4) Lair:2        Snake (4/4) Lair:3        Slime (0/5) Lair:6
    Orc (2/2) D:11            Elf (0/3) Orc:2        Vaults (3/5) D:14
 Depths (0/4) D:15          Sewer (visited)
  Crypt: Vaults:2-3

Altars:
Ashenzari
Cheibriados
Dithmenos
Elyvilon
Fedhas
Gozag
Hepliaklqana
Kikubaaqudgha
Makhleb
Nemelex Xobeh
Okawaru
Qazlal
Ru
Sif Muna
Trog
Uskayaw
Vehumet
Wu Jian
Xom
Yredelemnul
Zin
The Shining One
Beogh
Lugonu

Shops:
D:10 :*=   Orc:2 (*:(*   Snake:4 *   Vaults:1 (

Portals:
Trove: D:13 (give +6 demon whip)

Annotations:
Swamp:3 1 runed translucent door, mfcas's ghost, adept DEFE
Snake:3 3 runed translucent doors, Siddir's ghost, journeyman MiBe; Soawkar's ghost, adept GrFi; camille's ghost, adept SpEn
Snake:4 3 runed translucent doors, stil's ghost, adept DECj
Vaults:2 3 runed translucent doors, TuffENuff's ghost, veteran FoFi; mantisjm's ghost, veteran HOFi


Innate Abilities, Weirdness & Mutations

You are immune to poison.
Your flesh is cold resistant. (rC+)
You are immune to negative energy. (rN+++)
You are immune to unholy pain and torment.
You are vulnerable to heat. (rF-)
You are in touch with the powers of death.
You do not drink.


Message History

The acid corrodes you!
The vault warden shoots a bolt.
The bolt hits you!!!
* * * LOW HITPOINT WARNING * * *
Unknown command.
Okay, then.
Unknown command.
Unknown command.
Unknown command.
Unknown command.
Okay, then.
Unknown command.
Unknown command.
Unknown command.
Unknown command.
Char dumped successfully.
Okay, then.
You can't drink.
Unknown command.
Unknown command.
Okay, then.
Unknown command.
Unknown command.
Read: 6 scrolls of fear
Press: ? - help, Q - select action, (/) - cycle Dir - look around, f - activate Look: a vault warden, wielding a +0 arbalest, wearing a +0 plate armour and quivering bolts (chance to affect: 79%)
Okay, then.
Unknown command.
Unknown command.
Unknown command.
Unknown command.
Unknown command.
Okay, then.
Read: 6 scrolls of fear
Press: ? - help, Q - select action, (/) - cycle Dir - look around, f - activate Look: a yaktaur, wielding a +0 arbalest, quivering bolts and carrying a wand of acid (3) (chance to affect: 90%)
As you read the scroll of fear, it crumbles to dust.
You assume a fearsome visage.
The vault warden looks frightened!
The yaktaur easily resists.
The yaktaur shoots a bolt.
The bolt hits you!
You die...
Your body crumbles into a pile of gold.

#.......#.... ###....#
#.......# #..##..##..#
#.......# ###....#####
#.....p.###..##..##..#
#.......#....####... #
#....c..###..##..##..#
#.......# ###....#####
#.......###..##..##..'
#....@..#....####....'
#.......###..##..##..#
#.........############
#............. #
#............. #
#............. #
#............. #
#.........#### #..#
#.........# #..#


You could see a vault warden (fleeing) and a yaktaur.

Vanquished Creatures
  A tentacled monstrosity (Swamp:1)
  Mlioglotl (Swamp:3)
  2 sphinxes
  An ancient champion (Vaults:3)
  A tengu reaver (Vaults:2)
  Donald (Swamp:2)
  9 nagarajas
  6 vault wardens
  A frost giant (Vaults:3)
  5 orc warlords
  Louise (Swamp:2)
  4 ironbound preservers
  8 ghouls
  4 ironbound thunderhulks
  2 war gargoyles (Vaults:3)
  An eleionoma (Swamp:4)
  2 bunyips (Swamp:4)
  2 entropy weavers
  5 dire elephants
  4 shambling mangroves (Swamp:4)
  Harold (Orc:1)
  3 vault guards (Vaults:1)
  A deep elf high priest (Vaults:2)
  10 yaktaur captains
  5 great orbs of eyes
  A rakshasa (D:15)
  3 boulder beetles
  2 ironbound frosthearts
  A peacekeeper (Vaults:3)
  25 hydras
  3 salamander tyrants (Snake:4)
  13 naga warriors
  2 ogre magi
  12 alligators
  5 centaur warriors
  A catoblepas (Lair:6)
  5 anacondas
  2 spriggan air magi (Swamp:2)
  13 death yaks
  10 two-headed ogres
  2 tengu warriors (D:13)
  6 shock serpents
  9 hell knights (Vaults:1)
  7 naga sharpshooters
  17 spriggans
  Nergalle (Lair:1)
  4 salamander mystics
  9 goliath frogs
  7 spriggan druids
  13 deep trolls
  6 swamp dragons
  3 glowing orange brains
  8 lindwurms
  8 bog bodies
  8 wizards
  8 naga ritualists
  10 ironbound convokers
  4 phantasmal warriors
  8 harpies (Vaults:2)
  14 orc knights
  4 necromancers
  2 harpies (shapeshifter) (D:15)
  An oklob plant (Lair:4)
  9 orc sorcerers
  3 deep elf pyromancers
  6 cyclopes
  3 will-o-the-wisps
  12 mana vipers
  15 salamanders
  14 ugly things
  4 manticores
  Joseph (D:7)
  3 elephants (Lair:6)
  An elephant (shapeshifter) (Vaults:1)
  36 black mambas
  12 naga magi
  2 gargoyles
  21 vault sentinels
  A water nymph (shapeshifter) (D:14)
  8 guardian serpents
  17 cane toads
  An unseen horror (D:13)
  A torpor snail (Lair:5)
  2 rime drakes
  28 yaktaurs
  An elf zombie (Vaults:3)
  6 komodo dragons
  2 freezing wraiths
  A kobold demonologist (D:12)
  A tengu conjurer (D:15)
  2 ice devils (D:12)
  7 trolls
  16 hornets
  2 human skeletons (Vaults:3)
  11 tyrant leeches
  Grinder (D:5)
  20 blink frogs
  Prince Ribbit (D:8)
  3 polar bears
  36 slime creatures
  An ettin zombie (Vaults:3)
  A shadow (D:10)
  41 yaks
  A wraith (D:11)
  7 basilisks
  A human (shapeshifter) (Vaults:1)
  15 vampire mosquitoes
  5 wyverns
  21 fire elementals
  An elf skeleton (Vaults:3)
  4 redbacks
  29 nagas
  10 wargs
  16 swamp worms
  3 acid dragons
  21 water moccasins
  3 sky beasts
  17 orc warriors
  3 black bears
  6 swamp drakes
  An ice beast (D:7)
  17 centaurs
  15 ogres
  3 boggarts (D:14)
  34 wolves
  2 necrophages
  4 kobold brigands
  16 bullfrogs
  3 scorpions
  A water moccasin skeleton (D:7)
  An electric eel (Lair:6)
  4 howler monkeys
  2 bullfrog zombies (D:7)
  2 centaur zombies
  5 hounds
  10 jellies
  13 orc priests
  A gnoll shaman (D:8)
  5 iguanas
  43 orc wizards
  A killer bee zombie (D:7)
  A hound skeleton (D:4)
  2 howler monkey zombies
  A howler monkey skeleton (D:4)
  Robin (D:3)
  4 adders
  20 gnolls
  2 river rats (D:5)
  A white imp (D:7)
  2 ufetubi
  An adder skeleton (D:4)
  A worm (D:4)
  A dart slug (D:3)
  88 orcs
  7 endoplasms
  7 giant cockroaches
  16 goblins
  7 hobgoblins
  4 jackals
  25 kobolds
  2 quokkas (D:2)
  2 ball pythons
  8 bats
  8 frilled lizards
  5 rats
  A bush (Lair:4)
1254 creatures vanquished.

Vanquished Creatures (collateral kills)
  A kobold brigand (D:8)
  A gnoll sergeant (D:8)
  3 gnolls (D:8)
  A kobold (D:8)
6 creatures vanquished.

Vanquished Creatures (others)
  A centaur warrior (D:15)
  A shock serpent (Snake:4)
  A harpy (Vaults:2)
  2 bloated husks
  An orc wizard (Orc:2)
  123 foxfires
  33 fungi
  97 plants
  4 withered plants (Snake:3)
263 creatures vanquished.

Grand Total: 1523 creatures vanquished

Notes
Turn   | Place    | Note
-------+----------+-------------------------------------------
     0 | D:1      | GordonOverkill the Mummy Cinder Acolyte began the quest for
                  | the Orb.
     0 | D:1      | Reached XP level 1. HP: 18/18 MP: 2/2
   308 | D:1      | Reached XP level 2. HP: 24/24 MP: 4/4
  1238 | D:2      | Reached XP level 3. HP: 27/29 MP: 6/6
  2020 | D:2      | Reached XP level 4. HP: 22/37 MP: 8/8
  2754 | D:2      | Found a faded altar of an unknown god.
  3098 | D:2      | Found a faded altar of an unknown god.
  3847 | D:3      | Noticed Robin
  3883 | D:3      | Killed Robin
  3922 | D:3      | Reached skill level 1 in Short Blades
  3929 | D:3      | Reached XP level 5. HP: 38/42 MP: 10/10
  5404 | D:3      | You fall into a shaft and drop 3 floors!
  5414 | D:6      | Reached XP level 6. HP: 42/49 MP: 12/12
  5416 | D:6      | Noticed an orc warrior
  5487 | D:6      | Reached skill level 5 in Fighting
  5487 | D:6      | Reached skill level 5 in Spellcasting
  5893 | D:6      | Reached XP level 7. HP: 56/56 MP: 15/15
  5915 | D:5      | Entered Level 5 of the Dungeon
  6308 | D:5      | Found an ancient bone altar of Kikubaaqudgha.
  6331 | D:5      | Noticed Grinder
  6337 | D:5      | Killed Grinder
  6338 | D:5      | Reached XP level 8. HP: 64/65 MP: 16/18
  6345 | D:5      | Found a glowing drain.
  6381 | Sewer    | Entered a sewer
  6560 | D:4      | Found a hide-covered altar of Uskayaw.
  6664 | D:4      | Got Sif Muna's Catalogue of the Oath and Intoxication
  6669 | D:4      | Found a staircase to the Ecumenical Temple.
  6728 | D:4      | Found a snail-covered altar of Cheibriados.
  6728 | D:4      | Found an ornate altar of the Wu Jian Council.
  7384 | D:4      | Reached skill level 1 in Conjurations
  7384 | D:4      | Reached skill level 1 in Transmutations
  7384 | D:4      | Reached skill level 1 in Evocations
  7938 | D:4      | Reached skill level 2 in Conjurations
  8251 | D:5      | Found a stormy altar of Qazlal.
  8996 | D:6      | Reached XP level 9. HP: 72/72 MP: 21/21
 10042 | D:7      | Reached skill level 3 in Conjurations
 10512 | D:7      | Noticed Joseph
 10554 | D:7      | Killed Joseph
 10555 | D:7      | Reached skill level 4 in Conjurations
 11291 | D:7      | Learned a level 5 spell: Irradiate
 12634 | D:7      | Reached skill level 5 in Conjurations
 12824 | D:8      | Reached skill level 5 in Transmutations
 13530 | D:8      | Reached XP level 10. HP: 42/79 MP: 22/22
 13716 | D:8      | Found a broken altar of Ashenzari.
 13735 | D:8      | Noticed Prince Ribbit
 13738 | D:8      | Killed Prince Ribbit
 14530 | D:8      | Identified the +8 spear of Acyumuiz {spect, +Blink Dex+8}
 14874 | D:9      | Reached skill level 6 in Conjurations
 15201 | D:10     | Entered Level 10 of the Dungeon
 15211 | D:10     | Noticed a gargoyle
 15230 | D:10     | Killed a gargoyle
 15273 | D:10     | Found a bloodstained altar of Trog.
 15380 | D:10     | Found a radiant altar of Vehumet.
 15380 | D:10     | Found a basalt altar of Yredelemnul.
 15382 | D:10     | Found a sacrificial altar of Ru.
 15383 | D:10     | Found a blossoming altar of Fedhas.
 15384 | D:10     | Found an opulent altar of Gozag.
 15385 | D:10     | Found a burning altar of Makhleb.
 15385 | D:10     | Found a sparkling altar of Nemelex Xobeh.
 15560 | D:10     | Noticed a death yak
 15593 | D:10     | Killed a death yak
 15594 | D:10     | Reached skill level 7 in Conjurations
 15875 | D:10     | Noticed a death yak
 15876 | D:10     | Noticed a death yak
 15910 | D:9      | Killed a death yak
 16190 | D:10     | Noticed a death yak
 16193 | D:10     | Noticed a death yak
 16195 | D:10     | Noticed a death yak
 16196 | D:10     | Noticed a death yak
 16197 | D:10     | Noticed a death yak
 16197 | D:10     | Noticed a death yak
 16198 | D:10     | Noticed a death yak
 16237 | D:10     | Found a staircase to the Lair.
 16279 | D:9      | Killed a death yak
 16280 | D:9      | Reached XP level 11. HP: 54/84 MP: 23/23
 16904 | D:10     | Found a staircase to the Lair.
 16932 | D:10     | Found a bloodstained altar of Trog.
 16978 | D:10     | Noticed a death yak
 17009 | D:9      | Killed a death yak
 17226 | D:10     | Found a sparkling altar of Nemelex Xobeh.
 17228 | D:10     | Found an opulent altar of Gozag.
 17232 | D:10     | Found a sacrificial altar of Ru.
 17232 | D:10     | Found a basalt altar of Yredelemnul.
 17234 | D:10     | Found a radiant altar of Vehumet.
 17234 | D:10     | Found a burning altar of Makhleb.
 17235 | D:10     | Found a blossoming altar of Fedhas.
 18070 | D:10     | Found a staircase to the Lair.
 18116 | D:10     | Found a bloodstained altar of Trog.
 18193 | D:9      | Killed a death yak
 18194 | D:9      | Reached skill level 8 in Conjurations
 18339 | D:10     | Found a sparkling altar of Nemelex Xobeh.
 18341 | D:10     | Found an opulent altar of Gozag.
 18345 | D:10     | Found a sacrificial altar of Ru.
 18345 | D:10     | Found a basalt altar of Yredelemnul.
 18347 | D:10     | Found a radiant altar of Vehumet.
 18347 | D:10     | Found a burning altar of Makhleb.
 18348 | D:10     | Found a blossoming altar of Fedhas.
 18547 | D:10     | Killed a death yak
 18982 | D:10     | Found a staircase to the Lair.
 19031 | D:10     | Found a bloodstained altar of Trog.
 19069 | D:9      | HP: 4/84 [death yak (24)]
 19640 | D:9      | Killed a death yak
 20112 | D:10     | Found a blossoming altar of Fedhas.
 20112 | D:10     | Found an opulent altar of Gozag.
 20113 | D:10     | Found a sparkling altar of Nemelex Xobeh.
 20113 | D:10     | Found a sacrificial altar of Ru.
 20114 | D:10     | Found a burning altar of Makhleb.
 20114 | D:10     | Found a radiant altar of Vehumet.
 20115 | D:10     | Found a basalt altar of Yredelemnul.
 20272 | D:9      | Killed a death yak
 20527 | D:9      | Killed a death yak
 21159 | D:10     | Found a staircase to the Lair.
 21245 | D:10     | Found a blossoming altar of Fedhas.
 21246 | D:10     | Found a burning altar of Makhleb.
 21246 | D:10     | Found a radiant altar of Vehumet.
 21248 | D:10     | Found a basalt altar of Yredelemnul.
 21250 | D:10     | Found a sacrificial altar of Ru.
 21250 | D:10     | Found a sparkling altar of Nemelex Xobeh.
 21251 | D:10     | Found an opulent altar of Gozag.
 21402 | D:9      | Killed a death yak
 21518 | D:10     | Found a bloodstained altar of Trog.
 21638 | D:10     | Killed a death yak
 21639 | D:10     | Reached skill level 9 in Conjurations
 21987 | D:10     | Found a staircase to the Lair.
 22015 | D:10     | Found a bloodstained altar of Trog.
 22121 | D:10     | Found a radiant altar of Vehumet.
 22121 | D:10     | Found a basalt altar of Yredelemnul.
 22124 | D:10     | Found a sacrificial altar of Ru.
 22125 | D:10     | Found a blossoming altar of Fedhas.
 22126 | D:10     | Found an opulent altar of Gozag.
 22131 | D:10     | Found a burning altar of Makhleb.
 22131 | D:10     | Found a sparkling altar of Nemelex Xobeh.
 22899 | D:11     | Found a shimmering altar of Xom.
 22908 | D:11     | Reached skill level 1 in Armour
 22935 | D:11     | Found a staircase to the Orcish Mines.
 22970 | D:11     | Noticed a two-headed ogre
 23290 | D:11     | Noticed a boulder beetle
 23315 | D:11     | Killed a boulder beetle
 23968 | D:11     | Killed a two-headed ogre
 23969 | D:11     | Reached skill level 1 in Earth Magic
 23969 | D:11     | Reached XP level 12. HP: 78/91 MP: 25/25
 23974 | D:11     | Learned a level 4 spell: Petrify
 24170 | D:12     | Noticed a two-headed ogre
 24180 | D:12     | Killed a two-headed ogre
 24230 | D:12     | Noticed a two-headed ogre
 24249 | D:12     | Killed a two-headed ogre
 24422 | D:12     | Noticed a six-headed hydra
 24430 | D:12     | Killed a six-headed hydra
 24431 | D:12     | Reached skill level 1 in Shields
 24575 | D:12     | HP: 4/91 [large slime creature (27)]
 24965 | Lair:1   | Entered Level 1 of the Lair of Beasts
 24965 | Lair:1   | Noticed Nergalle
 24976 | Lair:1   | Killed Nergalle
 25752 | Lair:1   | Reached skill level 10 in Spellcasting
 26347 | Temple   | Entered the Ecumenical Temple
 26508 | D:10     | Fell from the grace of Ignis
 26508 | D:10     | Became a worshipper of Gozag Ym Sagoz the Greedy
 26967 | Lair:2   | Noticed a six-headed hydra
 26979 | Lair:2   | Killed a six-headed hydra
 28030 | Lair:2   | Found a staircase to the Swamp.
 28360 | Lair:3   | Found a staircase to the Snake Pit.
 28511 | Lair:3   | Gained mutation: You are in touch with the powers of death.
                  | [Mummy growth]
 28511 | Lair:3   | Reached XP level 13. HP: 97/99 MP: 23/27
 29194 | Lair:3   | Reached skill level 10 in Transmutations
 29610 | Lair:4   | Reached skill level 10 in Conjurations
 31889 | Lair:5   | Reached skill level 5 in Earth Magic
 32191 | Lair:5   | Reached skill level 5 in Shields
 32518 | Lair:5   | You fall into a shaft and drop 1 floor!
 32518 | Lair:6   | Entered Level 6 of the Lair of Beasts
 32523 | Lair:6   | Reached skill level 10 in Fighting
 32904 | Lair:6   | Reached XP level 14. HP: 99/110 MP: 5/28
 33158 | Lair:6   | Reached skill level 11 in Conjurations
 33763 | Lair:6   | Found a staircase to the Slime Pits.
 35444 | D:12     | Was forgiven by Ignis
 36447 | D:13     | Found a portal to a secret trove of treasure.
 36552 | D:13     | Reached skill level 12 in Conjurations
 37847 | D:14     | Found a gate to the Vaults.
 38164 | D:15     | Entered Level 15 of the Dungeon
 38481 | D:15     | Reached XP level 15. HP: 104/117 MP: 25/29
 39634 | D:15     | Reached skill level 5 in Evocations
 39728 | D:15     | Found a staircase to the Depths.
 39930 | Orc:1    | Entered Level 1 of the Orcish Mines
 40379 | Orc:1    | Noticed Harold
 40384 | Orc:1    | Killed Harold
 40712 | Orc:1    | Identified a scroll of acquirement
 40713 | Orc:1    | Acquired the -4 pair of boots of Going Fast {Int+3 Dex+2
                  | SInv}
 40736 | Orc:2    | Entered Level 2 of the Orcish Mines
 41946 | Orc:2    | Found Zasauts's Antique Weapon Shop.
 41946 | Orc:2    | Found Oleolih's General Store.
 42299 | Orc:2    | Bought a wand of paralysis (5) for 112 gold pieces
 42314 | Orc:2    | Found a burning altar of Makhleb.
 42348 | Orc:2    | Noticed an orc warlord
 42739 | Orc:1    | Killed an orc warlord
 43144 | Orc:2    | Found Hagaefing's General Store.
 43144 | Orc:2    | Found Wipsanor's Weapon Shop.
 43149 | Orc:2    | Bought a scroll of fear for 56 gold pieces
 43180 | Orc:2    | Found a staircase to the Elven Halls.
 43457 | Orc:2    | Bought a manual of Dodging for 1040 gold pieces
 43457 | Orc:2    | Bought a book of Dangerous Friends for 520 gold pieces
 43466 | Orc:2    | Learned a level 7 spell: Orb of Destruction
 43557 | Swamp:1  | Entered Level 1 of the Swamp
 43618 | Swamp:1  | Noticed a tentacled monstrosity
 43629 | Swamp:1  | Killed a tentacled monstrosity
 43630 | Swamp:1  | Reached skill level 1 in Dodging
 44693 | Swamp:1  | Identified the +3 great mace "Orb Guardian's Curse" {drain,
                  | *Rage rElec rN+}
 45197 | Swamp:2  | Noticed Donald
 45478 | Swamp:2  | Killed Donald
 45706 | Swamp:2  | Reached XP level 16. HP: 58/125 MP: 10/32
 45936 | Swamp:2  | Noticed Louise
 45948 | Swamp:2  | Killed Louise
 46455 | Swamp:2  | Reached skill level 13 in Conjurations
 46735 | Swamp:3  | Reached skill level 5 in Dodging
 46849 | Swamp:3  | Found a runed translucent door.
 46849 | Swamp:3  | Noticed mfcas's ghost (adept DEFE)
 46902 | Swamp:3  | Noticed Mlioglotl
 47245 | Swamp:3  | Killed Mlioglotl
 47912 | Swamp:3  | Acquired 911 gold pieces
 47924 | Swamp:4  | Entered Level 4 of the Swamp
 47999 | Swamp:4  | Reached skill level 5 in Polearms
 49775 | Swamp:4  | Reached skill level 14 in Conjurations
 50764 | Swamp:4  | Got a decaying rune of Zot
 51126 | Snake:1  | Entered Level 1 of the Snake Pit
 51142 | Snake:1  | Reached XP level 17. HP: 131/131 MP: 33/33
 51417 | Snake:1  | Reached skill level 15 in Conjurations
 53877 | Snake:2  | Reached skill level 10 in Dodging
 58397 | Snake:3  | Found a runed translucent gate.
 58397 | Snake:3  | Found a runed translucent gate.
 58398 | Snake:3  | Found a runed translucent gate.
 58398 | Snake:3  | Noticed camille's ghost (adept SpEn)
 58398 | Snake:3  | Noticed Soawkar's ghost (adept GrFi)
 58400 | Snake:3  | Noticed Siddir's ghost (journeyman MiBe)
 59066 | Snake:4  | Entered Level 4 of the Snake Pit
 59526 | Snake:4  | Found a runed translucent gate.
 59526 | Snake:4  | Found a runed translucent gate.
 59526 | Snake:4  | Found a runed translucent gate.
 59531 | Snake:4  | Noticed stil's ghost (adept DECj)
 64198 | Snake:4  | Reached XP level 18. HP: 90/141 MP: 20/34
 64332 | Snake:4  | Bought a scroll of fog for 36 gold pieces
 64332 | Snake:4  | Bought 2 scrolls of immolation for 126 gold pieces
 65857 | Snake:4  | Got a serpentine rune of Zot
 66096 | D:10     | Bought Ozocubu's Autobiography for 312 gold pieces
 66251 | Vaults:1 | Entered Level 1 of the Vaults
 66278 | D:14     | Reached skill level 1 in Ice Magic
 67702 | Vaults:1 | Reached skill level 16 in Conjurations
 68659 | Vaults:1 | Reached skill level 5 in Ice Magic
 68858 | Vaults:1 | Noticed a lich
 69604 | Vaults:1 | Identified the +0 robe of the Present {rF+}
 71868 | Vaults:1 | Found Kalima's Antique Weapon Shop.
 72776 | Vaults:1 | Glimpsed the power of Zot.
 74543 | Vaults:1 | Reached XP level 19. HP: 96/149 MP: 15/36
 75335 | Vaults:1 | Found Kalima's Antique Weapon Shop.
 78001 | Vaults:2 | Found a runed translucent gate.
 78001 | Vaults:2 | Found a runed translucent gate.
 78001 | Vaults:2 | Found a runed translucent gate.
 78002 | Vaults:2 | Noticed mantisjm's ghost (veteran HOFi)
 78002 | Vaults:2 | Noticed TuffENuff's ghost (veteran FoFi)
 81486 | Vaults:3 | Reached skill level 10 in Ice Magic
 81958 | Vaults:3 | Reached skill level 15 in Spellcasting
 82356 | Vaults:3 | Learned a level 7 spell: Ozocubu's Refrigeration
 83259 | Vaults:3 | HP: 2/149 [vault warden/bolt (42)]
 83260 | Vaults:3 | Shot with a bolt by a yaktaur

Illustrated notes

Levels and vault maps discovered:
D:1:      dpeg_arrival_three_same_balls, layout_loops_ring
D:2:      layout_loops_ring, ebering_ecumenical_altar_sacrificial
D:3:      layout_basic, uniq_robin
D:4:      cheibrodos_barr_body, layout_basic, eat_drink_and_be_merry_uskayaw,
          minitemple, minmay_temple_entry_glass
D:5:      layout_gridville, kiku_gazebo_pond_becter,
          nicolae_qazlal_general_emergency, portal_sewer_entry_a, uniq_grinder
D:6:      layout_basic, serial_bayou_pond_a
D:7:      layout_loops_ring, uniq_joseph
D:8:      layout_basic, ashenzari_conservatory_becter, uniq_prince_ribbit1
D:9:      layout_basic
D:10:     layout_cave_pods, grunt_temple_overflow_open, lemuel_crystal_altar,
          dpeg_lair_monsters, serial_column_ruins, column_ruins_hut,
          column_ruins_open_medium, column_ruins_open_medium,
          column_ruins_open_medium
D:11:     layout_gridville, david_orc_2, roderic_roman_lattice,
          brannock_xom_greatest_gift
D:12:     layout_basic, portal_ice_cave_demonic_guard
D:13:     layout_roguey, nicolae_trove_entry_free_sample
D:14:     layout_loops_ring, david_vaults_4, chequers_decorated_corner
D:15:     gammafunk_enter_depths_forms, layout_loops_ring,
          nicolae_elyvilon_peaceful_grove
Temple:   corrupted_temple
Lair:1:   layout_gridlike, uniq_nergalle
Lair:2:   layout_cave_pods, minmay_swamp_entry_reptiles
Lair:3:   layout_cave_shapes, guppyfry_snake_entry_garden, pond,
          grunt_megastairs_3
Lair:4:   layout_regular_city, minmay_lair_oklob_items, ldierk_geyser
Lair:5:   layout_roguey
Lair:6:   minmay_lair_end_frog_pond, layout_hall_layers,
          minmay_slime_entry_jelly_boxes, serial_bayou_shore_a
Swamp:1:  nicolae_swamp_long_stream, layout_basic_swamp,
          evilmike_swamp_ruin_rubble_1
Swamp:2:  layout_basic_swamp, nicolae_swamp_well_well_well, uniq_louise,
          uniq_donald
Swamp:3:  layout_basic_swamp, hellmonk_ghost_happy_afterlife,
          evilmike_swamp_ruin_house_5, swamp_pool4, uniq_mlioglotl
Swamp:4:  swamp_basic_johnstein, layout_basic_swamp, swamp_pool2,
          serial_swamp_ruin, evilmike_swamp_ruin_house_1,
          evilmike_swamp_ruin_rubble_2, evilmike_swamp_ruin_house_6
Snake:1:  layout_chambers, grunt_megastairs_4
Snake:2:  layout_cave_shapes
Snake:3:  layout_honeycomb, gammafunk_ghost_cemetery
Snake:4:  grunt_snake_rune_serpentine_throne, layout_onion_interference,
          gammafunk_ghost_split
Orc:1:    layout_diamond_mine, basic_altar, nicolae_orc_lava_tube, uniq_harold
Orc:2:    st_orc_town, layout_caves, basic_altar, special_room
Vaults:1: nicolae_vaults_network_periphery, nicolae_vaults_octagons,
          hangedman_vaults_restitches, v_misc_26, vaults_standard_mumra_lines,
          vaults_room_boxed, hangedman_vaults_pinch, vaults_room_ringed_pool,
          ontoclasm_vaults_fault, v_misc_16, vaults_room_door_ring,
          vaults_mumra_lcd, nicolae_vaults_rhombus_5,
          nicolae_vaults_specimen_jars, ontoclasm_vaults_decontamination,
          vaults_dpeg_ring, layout_vaults_ring, serial_shops, nicolae_shop_trees
Vaults:2: gammafunk_ghost_cemetery, v_misc_18, grunt_vaults_focal,
          hangedman_vaults_variations, vaults_room_semicircle, v_rooms_1,
          v_misc_14, vaults_room_hangedman_quadrants, layout_vaults_omnigrid
Vaults:3: nicolae_vaults_fighting_squares, v_misc_14, v_misc_9,
          minmay_crypt_entry_simple_statues, nicolae_vaults_network_star,
          v_alt_pattern_1, vaults_dpeg_cross, vaults_mumra_chevron,
          layout_vaults_chaotic_city

Skill      XL: |  1  2  3  4  5  6  7  8  9 10 11 12 13 14 15 16 17 18 19 |
---------------+----------------------------------------------------------+-----
Spellcasting   | 2 3 4 5 7 8 9 10 12 13 15 | 15.0
Polearms       | 3 4 5 |  5.0
Fighting       | 4 5 6 7 8 10 11 12 13 | 13.0
Short Blades   | 1 2 |  2.0
Conjurations   | 2 5 7 9 10 12 14 15 16 | 16.0
Transmutations | 2 5 7 9 10 12 13 | 13.0
Evocations     | 2 4 6 7 |  7.0
Armour         | 3 |  3.0
Earth Magic    | 1 3 5 |  5.0
Shields        | 3 6 7 8 |  8.0
Dodging        | 3 7 12 | 12.0
Ice Magic      | 8 10 | 10.9
Fire Magic     | |  2.4

Action                   |  1- 3 |  4- 6 |  7- 9 | 10-12 | 13-15 | 16-18 | 19-21 || total
-------------------------+-------+-------+-------+-------+-------+-------+-------++-------
Melee: Spear             |   131 |     4 |       |   502 |  1000 |   510 |   176 ||  2323
       Short sword       |       |   154 |   424 |    19 |       |       |       ||   597
       Punch             |       |     1 |     5 |     9 |     5 |       |       ||    20
Throw: Dart              |     9 |    10 |    34 |    60 |     6 |       |       ||   119
       Boomerang         |       |     2 |       |       |       |       |       ||     2
 Cast: Irradiate         |       |       |       |    10 |   157 |   286 |   138 ||   591
       Petrify           |       |       |       |    26 |    34 |     3 |     2 ||    65
       Orb of Destructio |       |       |       |       |       |   233 |    31 ||   264
Invok: Foxfire Swarm     |       |     4 |     3 |       |       |       |       ||     7
       Potion Petition   |       |       |       |       |     1 |     5 |     2 ||     8
       Call Merchant     |       |       |       |       |     1 |     4 |       ||     5
Evoke: Wand              |       |     4 |    12 |    11 |     4 |     7 |     2 ||    40
       Lightning rod     |       |       |       |       |     4 |     2 |     2 ||     8
  Use: Scroll            |       |     5 |    10 |     4 |     5 |     7 |     4 ||    35
 Stab: Distracted        |       |       |       |     9 |    14 |     8 |     6 ||    37
       Paralysed         |       |       |       |    14 |       |       |       ||    14
       Petrified         |       |       |       |    10 |    10 |       |       ||    20
       Petrifying        |       |       |       |     6 |     2 |       |       ||     8
       Sleeping          |       |       |       |       |       |     2 |       ||     2
Armor: Robe              |    20 |       |       |       |       |    47 |    43 ||   110
       Ring mail         |       |    64 |   124 |   148 |   504 |   112 |       ||   952
       Chain mail        |       |       |    74 |       |       |       |       ||    74
Dodge: Dodged            |    59 |    72 |   194 |   349 |   425 |   480 |   120 ||  1699
Block: Buckler           |       |       |       |       |   172 |   304 |   100 ||   576
